 Dungeon Crawl Stone Soup version 0.21.1-1-g345015fe64 (webtiles) character file.

264 KleinerIrrer the Insei (level 6, -1/42 HPs)
             Began as an Octopode Monk on Mar 25, 2018.
             Was a Believer of Wu Jian.
             Slain by a gnoll
             ... wielding a +0 spear
              (2 damage)
             ... on level 4 of the Dungeon.
             The game lasted 00:04:44 (2578 turns).

KleinerIrrer the Insei (Octopode Monk)              Turns: 2578, Time: 00:04:44

Health: -1/42      AC:  1    Str: 13    XL:     6   Next: 19%
Magic:  6/6        EV: 14    Int: 12    God:    Wu Jian [**....]
Gold:   133        SH:  0    Dex: 14    Spells: 5/5 levels left

rFire    . . .     SeeInvis .     - Unarmed
rCold    . . .     Gourm    .   (no shield)
rNeg     . . .     Faith    .   (helmet restricted)
rPois    .         Spirit   .   (no amulet)
rElec    .         Reflect  .   (no ring)
rCorr    .         Harm     .   (no ring)
MR       .....                  (no ring)
Stlth    +++.......             (no ring)
HPRegen  0.14/turn              (no ring)
MPRegen  0.10/turn              (no ring)
                                (no ring)
                                (no ring)

@: lethally poisoned (-1 -> -9)
A: almost no armour, stealthy swim, amphibious, 8 rings, constrict 8, camouflage
1, gelatinous body 1
a: Wall Jump, Renounce Religion


You were on level 4 of the Dungeon.
You worshipped Wu Jian.
Wu Jian was pleased with you.
You were not hungry.

You visited 1 branch of the dungeon, and saw 4 of its levels.

You collected 133 gold pieces.

Inventory:

Jewellery
 d - a +5 ring of dexterity {unknown}
 e - an uncursed ring of stealth {unknown}
 k - an uncursed ring of protection from magic {unknown}
Scrolls
 b - 2 scrolls of remove curse {unknown}
 c - a scroll of enchant armour {unknown}
 f - 3 scrolls of teleportation {unknown}
 h - 2 scrolls of enchant weapon {unknown}
 i - a scroll of fog {unknown}
 j - 4 scrolls of identify {unknown}
 n - 2 scrolls of amnesia {unknown}
 p - a scroll of magic mapping {unknown}
Potions
 g - a potion of brilliance {unknown}
 l - 2 potions of might {unknown}
 m - 2 potions of curing {unknown}
Comestibles
 a - 8 rations
 o - 14 chunks of flesh


   Skills:
 - Level 3.0 Fighting
 - Level 3.3 Dodging
 - Level 2.9 Stealth
 * Level 6.5 Unarmed Combat


You had 5 spell levels left.
You didn't know any spells.

Dungeon Overview and Level Annotations

Branches:
Dungeon (4/15)
 Temple: D:4-7

Altars:
Makhleb
Wu Jian


Innate Abilities, Weirdness & Mutations

You cannot wear most types of armour.
You are very stealthy in the water. (Stealth+)
You are amphibious.
You can wear up to eight rings at the same time.
You can use your tentacles to constrict eight enemies at once.
Your skin changes colour to match your surroundings (Stealth+).
Your rubbery body absorbs attacks. (AC +1, EV +1)


Message History

The gnoll hits you but does no damage.
You spin and attack the worker ant.
You tentacle-slap the worker ant but do no damage.
Your grab misses the worker ant. Your squeeze misses the worker ant.
The worker ant is heavily wounded.
You feel sick. The worker ant closely misses you.
The gnoll hits you from afar with a spear.
* * * LOW HITPOINT WARNING * * *
You feel sick.
The gnoll hits you from afar with a spear.
* * * LOW HITPOINT WARNING * * *
* * * LOW HITPOINT WARNING * * *
You feel sick.
There is a stone staircase leading up here.
* * * LOW HITPOINT WARNING * * *
You feel sick.
The gnoll hits you from afar with a spear.
* * * LOW HITPOINT WARNING * * *
The gnoll hits you from afar with a spear.
You die...

#.#.# #.#.#
#.#.#
#######.#.#
..........##
#######....##
#.#)#.# #.#.#.#
#.#@#[# #....##
#
#.#g#####.#####
#.#aa.......$..
#..g...........
###....##.#####
####.# .# #.# #
#.#


You could see 2 worker ants and 2 gnolls.

Vanquished Creatures
  An ogre (D:4)
  A hound (D:2)
  Jessica (D:3)
  A worker ant (D:4)
  3 adders
  An ooze (D:2)
  A dart slug (D:2)
  4 leopard geckos
  A ball python (D:3)
  6 bats
  6 giant cockroaches
  5 goblins
  6 hobgoblins
  4 jackals (D:1)
  11 kobolds
  2 quokkas (D:2)
  2 frilled lizards
  6 rats
62 creatures vanquished.

Notes
Turn   | Place    | Note
-------+----------+-------------------------------------------
     0 | D:1      | KleinerIrrer the Octopode Monk began the quest for the Orb.
     0 | D:1      | Reached XP level 1. HP: 16/16 MP: 1/1
   191 | D:1      | Reached XP level 2. HP: 21/21 MP: 2/2
   296 | D:1      | Reached XP level 3. HP: 18/26 MP: 3/3
   923 | D:2      | Reached skill level 4 in Unarmed Combat
  1118 | D:2      | Reached XP level 4. HP: 31/31 MP: 4/4
  1331 | D:2      | Found an ornate altar of the Wu Jian Council.
  1339 | D:2      | Became a worshipper of the Wu Jian Council
  1339 | D:2      | Reached * piety under Wu Jian
  1339 | D:2      | Reached ** piety under Wu Jian
  1465 | D:2      | Found a burning altar of Makhleb.
  1473 | D:2      | Reached skill level 5 in Unarmed Combat
  1946 | D:3      | Reached XP level 5. HP: 27/36 MP: 5/5
  2096 | D:3      | Noticed Jessica
  2099 | D:3      | Killed Jessica
  2474 | D:4      | Noticed an ogre
  2491 | D:4      | Killed an ogre
  2491 | D:4      | Reached skill level 6 in Unarmed Combat
  2491 | D:4      | Reached XP level 6. HP: 42/42 MP: 6/6
  2578 | D:4      | HP: 1/42 [gnoll/spear (5)]
  2578 | D:4      | Slain by a gnoll

Skill      XL: |  1  2  3  4  5 |
---------------+----------------+-----
Unarmed Combat | 4 5 6 |  6.5
Fighting       | |  3.0
Dodging        | |  3.3
Stealth        | |  2.9

Action                   |  1- 3 |  4- 6 || total
-------------------------+-------+-------++-------
Melee: Unarmed           |    69 |    77 ||   146
       Constrict         |    20 |    16 ||    36
       Tentacles         |    12 |    11 ||    23
       Punch             |     1 |       ||     1
Invok: Lunge             |       |     7 ||     7
       Wall Jump         |       |     3 ||     3
       Whirlwind         |       |     4 ||     4
 Stab: Sleeping          |    11 |     7 ||    18
       Distracted        |     1 |       ||     1
  Eat: Chunk             |     1 |     4 ||     5
Armor: Skin              |     2 |     2 ||     4
Dodge: Dodged            |    49 |    41 ||    90
